Construct Section Command Post
Selects Indian Artillery Battlegroup
Construct Platoon Command Post
Unlock Bishop Self-propelled Artillery
Selects Gurkha Rifles Section
Bishop Self-propelled Artillery
6-pounder Anti-tank Gun Team
Selects Artillery Saturation
Bishop Self-propelled Artillery
Construct Company Command Post
Unlock M3 Grant Medium Tanks
Selects Volunteer Infantry
Selects Off-map Airburst Barrage
Selects Perimeter Monitor